 Dungeon Crawl Stone Soup version 0.27.0-1-g7a089689b8 (webtiles) character file.

Game seed: 5585364205174584555

20 ZombieSheep the Caller (level 2, 0/20 HPs)
             Began as a Gnoll Summoner on Aug 7, 2021.
             Slain by an adder (1 damage)
             ... on level 2 of the Dungeon.
             The game lasted 00:02:16 (1658 turns).

ZombieSheep the Caller (Gnoll Summoner)             Turns: 1658, Time: 00:02:17

Health: 0/20       AC:  2    Str:  7    XL:     2   Next: 79%
Magic:  4/7        EV: 10    Int: 14    God:
Gold:   81         SH:  0    Dex: 12    Spells: 9/10 levels left

rFire    . . .     SeeInvis .   e - +0 quarterstaff
rCold    . . .     Faith    .   (shield currently unavailable)
rNeg     . . .     Spirit   .   a - +0 robe
rPois    .         Reflect  .   (no helmet)
rElec    .         Harm     .   (no cloak)
rCorr    .         Rampage  .   (no gloves)
Will     .....                  (no boots)
Stlth    ++........             (no amulet)
HPRegen  0.06/turn              (no ring)
MPRegen  0.10/turn              (no ring)

@: constricted
A: fangs 1, strong nose, distributed training
a: no special abilities


You were on level 2 of the Dungeon.
You visited 1 branch of the dungeon, and saw 2 of its levels.

You collected 81 gold pieces.

Inventory:

Hand Weapons
 c - a +0 dagger
 e - a +0 quarterstaff (weapon)
Missiles
 f - 3 boomerangs
Armour
 a - a +0 robe (worn)
Scrolls
 g - a scroll of teleportation
Potions
 b - 2 potions of curing {unknown}
 i - a potion of might {unknown}


   Skills:
 + Level 0.5 Fighting
 + Level 0.5 Short Blades
 + Level 0.5 Long Blades
 + Level 0.5 Axes
 + Level 0.5 Maces & Flails
 + Level 0.5 Polearms
 + Level 0.5 Staves
 + Level 0.5 Slings
 + Level 0.5 Bows
 + Level 0.5 Crossbows
 + Level 0.5 Throwing
 + Level 0.5 Armour
 + Level 4.5 Dodging
 + Level 4.1 Stealth
 + Level 0.5 Shields
 + Level 0.5 Unarmed Combat
 + Level 4.9 Spellcasting
 + Level 0.3 Conjurations
 + Level 0.3 Hexes
 + Level 7.0 Summonings
 + Level 0.3 Necromancy
 + Level 0.3 Translocations
 + Level 0.3 Transmutations
 + Level 0.3 Fire Magic
 + Level 0.3 Ice Magic
 + Level 0.3 Air Magic
 + Level 0.3 Earth Magic
 + Level 0.3 Poison Magic
 + Level 0.6 Invocations
 + Level 0.5 Evocations


You had 9 spell levels left.
You knew the following spells:

 Your Spells              Type           Power      Damage    Failure   Level
a - Summon Small Mammal   Summ           92%        N/A       1%          1

Your spell library contained the following spells:

 Spells                   Type           Power      Damage    Failure   Level
 Call Imp                 Summ           23%        N/A       1%          2
 Call Canine Familiar     Summ           23%        N/A       3%          3
 Summon Guardian Golem    Hex/Summ       13%        N/A       12%         3
 Summon Lightning Spire   Summ/Air       13%        N/A       36%         4


Dungeon Overview and Level Annotations

Branches:
Dungeon (2/15)

Altars:


Innate Abilities, Weirdness & Mutations

You have very sharp teeth.
Your uncanny sense of smell can sniff out nearby items.
Your experience applies equally to all skills.


Message History

The adder bites you. The adder completely misses you.
The ball python barely misses your quokka.
The ball python grabs your quokka. The ball python constricts your quokka.
Your bat misses the goblin.
Your quokka completely misses the ball python.
Your rat barely misses the adder.
Your bat barely misses the ball python.
The adder barely misses you. The goblin closely misses your rat.
The adder bites you.
* * * LOW HITPOINT WARNING * * *
The ball python bites your quokka but does no damage.
The ball python constricts your quokka.
Your quokka is being constricted!
Unknown command.
You miss the adder. The bat barely misses your quokka.
Your bat misses the adder. Your bat hits the goblin.
The bat hits your quokka but does no damage.
Your quokka barely misses the bat.
Your bat hits the ball python. The adder completely misses you.
The adder bites you.
* * * LOW HITPOINT WARNING * * *
Your rat closely misses the adder.
The goblin hits your rat with a +0 club.
The ball python bites your quokka.
Your quokka dies!
Your quokka's corpse disappears in a puff of smoke!
The adder bites you.
* * * LOW HITPOINT WARNING * * *
The adder bites you but does no damage. The bat misses you.
Your bat barely misses the goblin.
The bat hits you but does no damage.
Your rat barely misses the adder.
The ball python closely misses you. The ball python grabs you.
The ball python constricts you. The goblin closely misses your rat.
The adder bites you but does no damage.
Your bat barely misses the goblin.
The ball python's grasp on you weakens, but your attempt to escape fails.
Your bat hits the goblin.
Your bat barely misses the goblin.
The bat hits you but does no damage.
Your bat barely misses the goblin.
The ball python bites you.
* * * LOW HITPOINT WARNING * * *
The ball python constricts you.
Your rat barely misses the adder.
The adder bites you.
You die...

##... ..?.
...## .
....#.. ∆
.>.....
..b....
##$.b....
#SSg.....
#@r......
#...bS......
#.##.....#..
.. ......# .
#. #.....# #
##......
#.....#
.....#


You could see 2 adders, a goblin, a bat, a ball python, 2 friendly bats and a
friendly rat (summoned).

Vanquished Creatures
  3 endoplasms (D:1)
  A hobgoblin (D:1)
  3 kobolds (D:1)
  2 quokkas (D:1)
  A ball python (D:1)
  A bat (D:1)
  A frilled lizard (D:1)
  4 rats (D:1)
16 creatures vanquished.

Vanquished Creatures (collateral kills)
  A dart slug (D:1)
  An endoplasm (D:2)
  A hobgoblin (D:1)
  A quokka (D:2)
  A rat (D:1)
5 creatures vanquished.

Grand Total: 21 creatures vanquished

Notes
Turn   | Place    | Note
-------+----------+-------------------------------------------
     0 | D:1      | ZombieSheep the Gnoll Summoner began the quest for the Orb.
     0 | D:1      | Reached XP level 1. HP: 13/13 MP: 6/6
   807 | D:1      | Reached XP level 2. HP: 7/19 MP: 7/7
  1245 | D:1      | Found a faded altar of an unknown god.
  1658 | D:2      | HP: 1/20 [ball python (1)]
  1658 | D:2      | Slain by an adder

Illustrated notes

Levels and vault maps discovered:
D:1:      minmay_arrival_radiant_lines, layout_loops_ring,
          chequers_ecumenical_altar_island
D:2:      layout_loops_ring, basic_altar, minivault_14, uniq_sigmund

Action                   || total
-------------------------++-------
Melee: Dagger            ||    25
       Unarmed           ||     8
       Quarterstaff      ||    43
       Bite              ||     7
 Cast: Summon Small Mamm ||     9
  Use: Scroll            ||     4
 Stab: Sleeping          ||     6
Armor: Robe              ||    11
Dodge: Dodged            ||    58
